 Dungeon Crawl Stone Soup version 0.31-a0-202-g547052bce9 (webtiles) character file.

Game seed: 119259925596968210

381 mopl the Trooper (level 6, -1/48 HPs)
             Began as a Demonspawn Fighter on June 26, 2023.
             Slain by a troll (5 damage)
             ... on level 5 of the Dungeon.
             The game lasted 00:04:05 (2227 turns).

mopl the Trooper (Demonspawn Fighter)               Turns: 2227, Time: 00:04:06

Health: -1/48      AC: 10    Str: 21    XL:     6   Next: 46%
Magic:  0/6        EV: 11    Int:  9    God:
Gold:   183        SH:  4    Dex: 13    Spells: 5/5 levels left

rFire   . . .        i - +9 staff of Olgreb {rPois∞}
rCold   . . .        c - +0 buckler
rNeg    . . .        A - +0 ring mail "Haboib" {rElec Regen+ Str+3}
rPois   ∞            (helmet restricted)
rElec   +            l - +0 cloak
rCorr   .            (no gloves)
SInv    .            e - +0 pair of boots
Will    .....        x - amulet of guardian spirit
Stlth   +            (no ring)
HPRegen 1.08/turn    (no ring)
MPRegen 0.10/turn

%: guardian spirit
@: no status effects
A: antennae 1, icy blue scales 1, ignite blood 1, demonic magic 1
a: Evoke the Staff of Olgreb


You were on level 5 of the Dungeon.
You visited 1 branch of the dungeon, and saw 5 of its levels.

You collected 183 gold pieces.

Inventory:

Hand Weapons
 a - a +0 war axe
 i - the +9 staff of Olgreb (weapon) {rPois∞}
   (You found it on level 2 of the Dungeon)

   It enhances your poison magic.
   It grants immunity to poison.
   It can be activated via the 'a'bility menu to radiate toxic energy, with
   effectiveness depending on Evocations skill.
 r - a +2 hand axe of flaming
Missiles
 u - 3 boomerangs
Armour
 c - a +0 buckler (worn)
 e - a +0 pair of boots (worn)
 l - a +0 cloak (worn)
 p - a scarf of invisibility
 s - a +0 chain mail
 v - a +0 helmet
 A - the +0 ring mail "Haboib" (worn) {rElec Regen+ Str+3}
   (You found it on level 5 of the Dungeon)

   Str:       It affects your strength (+3).
   rElec:     It insulates you from electricity.
   Regen:     It increases your rate of health regeneration.
Magical Staves
 w - a staff of air
Jewellery
 x - an amulet of guardian spirit (around neck)
Wands
 b - a wand of iceblast (6)
 m - a wand of digging (10)
Scrolls
 f - a scroll of butterflies {unknown}
 g - a scroll of torment {unknown}
 j - a scroll of blinking {unknown}
 o - 3 scrolls of amnesia {unknown}
 q - a scroll of revelation {unknown}
 t - 3 scrolls of identify {unknown}
 y - a scroll of teleportation {unknown}
 z - a scroll of vulnerability {unknown}
Potions
 d - 2 potions of might
 h - a potion of enlightenment {unknown}
 k - 2 potions of curing {unknown}
 n - a potion of mutation {unknown}


   Skills:
 + Level 4.0 Fighting
 - Level 2.4 Axes
 * Level 2.9 Staves
 + Level 3.7 Armour
 + Level 2.2 Dodging
 - Level 2.6 Shields
 + Level 2.0 Evocations


You had 5 spell levels left.
You didn't know any spells.
Your spell library contained the following spells:

 Spells                   Type           Power      Damage    Failure   Level
 Poisonous Vapours        Pois/Air       0%         N/A       77%         2
 Mephitic Cloud           Conj/Pois/Air  0%         N/A       94%         3
 Olgreb's Toxic Radiance  Pois           0%         N/A       100%        4
 Freezing Cloud           Conj/Ice/Air   0%         6-21      100%        5
 Discord                  Hex            0%         N/A       100%        8
 Ignition                 Fire           0%         3d3       100%        8


Dungeon Overview and Level Annotations

Branches:
Dungeon (5/15)
 Temple: D:4-7

Altars:
Hepliaklqana
Ru


Innate Abilities, Weirdness & Mutations

You have a pair of small antennae on your head.
You are partially covered in icy blue scales. (AC +2)
Your demonic aura sometimes causes spilled blood to erupt in flames.
Spells you cast may paralyse adjacent enemies.


Message History

The howler monkey hits you but does no damage.
The troll bites you but does no damage. The troll barely misses you.
The troll claws you!
The howler monkey hoots and howls with incredible vigour!
You block the troll's attack. x2; The troll barely misses you.
You hear a shout!
There is a stone staircase leading up, spattered with blood here.
You begin to radiate toxic energy.
The troll is poisoned.
The howler monkey is poisoned.
The howler monkey looks even sicker.
You block the howler monkey's attack. The troll bites you but does no damage.
The troll misses you. The troll claws you!
Unknown command.
Unknown command.
You hit the troll.
The troll is lightly wounded.
The howler monkey looks even sicker.
Your toxic aura wanes.
The howler monkey hits you but does no damage.
The troll bites you but does no damage. The troll closely misses you.
The troll claws you!
You hit the troll.
The troll is lightly wounded.
The howler monkey hoots and howls with incredible vigour!
The howler monkey hits you. You block the troll's attack. The troll misses you.
The troll closely misses you.
Unknown command.
You hit the troll.
The troll is moderately wounded.
The howler monkey hoots and howls with incredible vigour!
The troll bites you! The troll claws you.
* * * LOW HITPOINT WARNING * * *
The troll barely misses you.
Unknown command.
You hit the troll.
The troll is heavily wounded.
You kill the howler monkey!
The troll bites you!
* * * LOW HITPOINT WARNING * * *
The troll claws you.
You die...

#.# ## #.# . #.###
### #.#⌠##
#.#########....##
.........T..#⌠..##
#.#####.######...##
#.# #.# ##.T⌠#
#.#####.. #.@°#
...(.....######.†⌠#
...#####.#..##.†.##
#....# .#..#⌠..##
#..### .#.....##
...# .####⌠##
#..... ### #.####
#.#####


You could see a troll (poisoned).

Vanquished Creatures
  A black bear (D:5)
  A scorpion (D:5)
  A howler monkey (D:5)
  Terence (D:2)
  A sleepcap (D:3)
  Robin (D:3)
  3 gnolls (D:3)
  5 adders
  3 worms
  2 dart slugs (D:1)
  4 orcs
  3 ball pythons
  6 bats
  5 endoplasms
  A giant cockroach (D:1)
  18 goblins
  5 hobgoblins
  12 jackals
  A quokka (D:4)
  A frilled lizard (D:2)
  8 kobolds
  6 rats
  A spectral kobold (D:4)
90 creatures vanquished.

Notes
Turn   | Place    | Note
-------+----------+-------------------------------------------
     0 | D:1      | mopl the Demonspawn Fighter began the quest for the Orb.
     0 | D:1      | Reached XP level 1. HP: 18/18 MP: 1/1
    13 | D:1      | Reached skill level 2 in Axes
    83 | D:1      | Gained mutation: Spells you cast may paralyse adjacent
                  | enemies. [demonic ancestry]
    83 | D:1      | Reached XP level 2. HP: 24/24 MP: 2/2
   502 | D:2      | Reached XP level 3. HP: 29/29 MP: 3/3
   524 | D:2      | Found the +9 staff of Olgreb {rPois∞}
   528 | D:2      | Reached skill level 3 in Armour
   626 | D:2      | Reached skill level 1 in Dodging
   682 | D:2      | Noticed Terence
   690 | D:2      | Killed Terence
   691 | D:2      | Reached skill level 1 in Staves
   691 | D:2      | Gained mutation: You are partially covered in icy blue
                  | scales. (AC +2) [demonic ancestry]
   691 | D:2      | Reached XP level 4. HP: 19/35 MP: 4/4
  1215 | D:3      | Reached skill level 1 in Evocations
  1255 | D:3      | Gained mutation: Your demonic aura sometimes causes spilled
                  | blood to erupt in flames. [demonic ancestry]
  1255 | D:3      | Reached XP level 5. HP: 41/41 MP: 5/5
  1382 | D:3      | Noticed Robin
  1391 | D:3      | Killed Robin
  1403 | D:3      | Reached skill level 2 in Staves
  1814 | D:4      | Found a hazy altar of Hepliaklqana.
  2052 | D:5      | Entered Level 5 of the Dungeon
  2055 | D:5      | Reached skill level 2 in Dodging
  2055 | D:5      | Gained mutation: You have a pair of small antennae on your
                  | head. [demonic ancestry]
  2055 | D:5      | Reached XP level 6. HP: 48/48 MP: 1/6
  2087 | D:5      | Identified the +0 ring mail "Haboib" {rElec Regen+ Str+3}
  2101 | D:5      | Found a sacrificial altar of Ru.
  2141 | D:5      | Reached skill level 4 in Fighting
  2141 | D:5      | Reached skill level 2 in Evocations
  2152 | D:5      | Noticed a troll
  2227 | D:5      | Slain by a troll

Illustrated notes

Levels and vault maps discovered:
D:1:      dpeg_arrival_pits, layout_rooms
D:2:      layout_loops_cross, hangedman_feature_mirror, grunt_decor_resistance,
          uniq_terence
D:3:      layout_loops_ring, uniq_robin
D:4:      layout_basic, nicolae_hepliaklqana_monster_ancestors,
          corexii_checkpoint_b
D:5:      cheibrodos_iron_armory, layout_basic, mainiacjoe_overflow_catwalk,
          hangedman_abyss_or_decor_lesser_grid, grunt_ministairs_8,
          minmay_quadrilaterals

Skill      XL: |  1  2  3  4  5  6 |
---------------+-------------------+-----
Axes           | 2 |  2.4
Armour         | 3 |  3.7
Dodging        | 1 2 |  2.2
Staves         | 1 2 |  2.9
Evocations     | 1 2 |  2.0
Fighting       | 4 |  4.0
Shields        | |  2.6

Action                     |  1- 3 |  4- 6 || total
---------------------------+-------+-------++-------
  Melee: War axe           |    67 |       ||    67
         Staff             |    22 |    97 ||   119
Ability: Evoke the Staff o |       |     6 ||     6
 Armour: Scale mail        |    49 |    20 ||    69
         Chain mail        |       |    39 ||    39
         Ring mail         |       |     5 ||     5
  Dodge: Dodged            |    40 |    41 ||    81
  Block: Buckler           |    10 |    27 ||    37

Table legend: (Time is in decaauts)
 A = Elapsed time spent in this place.
 B = Non-inter-level travel time spent in this place.
 C = Inter-level travel time spent in this place.
 D = Time resting spent in this place.
 E = Time spent auto-exploring this place.
 F = Levels seen in this place.
 G = Mean time per level.
                   A        B        C        D        E       F      G
               +--------+--------+--------+--------+--------+-----+--------+
         Total |   2273 |   2194 |     79 |     97 |   1511 |   5 |  454.6 |
       Dungeon |   2273 |   2194 |     79 |     97 |   1511 |   5 |  454.6 |
               +--------+--------+--------+--------+--------+-----+--------+

Top non-repeatable levels by time:
     D:2: 667 daAuts
     D:3: 620 daAuts
     D:1: 520 daAuts
     D:4: 311 daAuts
     D:5: 153 daAuts
